AoeStats
← djd1993

Marketplace

505661115Analyzed
1v1 RM · 23d ago on Sep 10, 2026· 20m 34s· 2 players
Game mode
Random Map
Map size
Tiny (2 player)
Population
200
Speed
Normal
Resources
Standard
Victory
Conquest
Starting age
Dark Age
Ending age
Imperial Age
RankedLock teamsTeams togetherTeam positionsShared explorationLock speedFull tech treeHidden civsTurbo modeCheats
Victory
Defeat
🇫🇷 Mongols · France
739
+18
🇬🇧 Britons · United Kingdom
774
-18
Wolfer@
7:28 Loom
9:37 Feudal Age
10:07 Double-Bit Axe
13:53 Horse Collar
15:31 Wheelbarrow
18:07 Castle Age
djd1993
10:50 Feudal Age
12:36 Double-Bit Axe
20:45 Castle Age
20:32 Fletching
Connection lost

Rejoining the realm…

Still unreachable

The connection could not be restored.

Session expired

The server has moved on; the page needs a fresh start.